 Dungeon Crawl Stone Soup version 0.27.0-1-g7a089689b8 (webtiles) character file.

Game seed: 8435742964923198841

112 Crownlay the Chopper (level 4, 0/39 HPs)
             Began as a Hill Orc Fighter on Aug 16, 2021.
             Succumbed to a guardian serpent's bolt of poison
             ... on level 2 of the Abyss.
             The game lasted 00:03:06 (1982 turns).

Crownlay the Chopper (Hill Orc Fighter)             Turns: 1982, Time: 00:03:06

Health: 0/39       AC: 10    Str: 19    XL:     4   Next: 95%
Magic:  4/4        EV:  9    Int:  8    God:
Gold:   80         SH:  0    Dex: 10    Spells: 3/3 levels left

rFire    . . .     SeeInvis .   a - +0 war axe
rCold    . . .     Faith    .   (no shield)
rNeg     . . .     Spirit   .   b - +0 scale mail
rPois    .         Reflect  .   (no helmet)
rElec    .         Harm     .   q - +2 cloak
rCorr    .         Rampage  .   (no gloves)
Will     .....                  (no boots)
Stlth    ..........             p - amulet of regeneration
HPRegen  1.13/turn              (no ring)
MPRegen  0.09/turn              (no ring)

@: lethally poisoned (0 -> -3), hasted, very quick
A: no striking features
a: no special abilities


You were on level 2 of the Abyss.
You visited 1 branch of the dungeon, and saw 3 of its levels.
You visited the Abyss 1 time.

You collected 80 gold pieces.

Inventory:

Hand Weapons
 a - a +0 war axe (weapon)
 r - the +6 hunting sling "Pezut" {flame, *Slow rC+ Will+}
   (You found it on level 1 of the Abyss)

   Any ammunition fired from it burns those it strikes, dealing additional fire
   damage.
   rC:        It protects you from cold.
   *Slow:     It may slow you when you take damage.
   Will:      It increases your willpower.
Missiles
 o - 3 boomerangs (quivered)
Armour
 b - a +0 scale mail (worn)
 c - a +0 kite shield
 q - a +2 cloak (worn)
Jewellery
 p - an amulet of regeneration (around neck)
Scrolls
 e - 3 scrolls of identify {unknown}
 f - a scroll of noise {unknown}
 g - a scroll of enchant weapon {unknown}
 h - a scroll of amnesia {unknown}
 l - a scroll of fog {unknown}
 m - a scroll of magic mapping {unknown}
Potions
 d - a potion of might
 i - a potion of magic {unknown}
 j - 2 potions of haste
 k - a potion of heal wounds {unknown}
 n - 3 potions of curing {unknown}


   Skills:
 - Level 3.6 Fighting
 + Level 6.6 Axes
 - Level 3.2 Armour
 - Level 3.2 Shields


You had 3 spell levels left.
You didn't know any spells.
Your spell library contained the following spells:

 Spells                   Type           Power      Damage    Failure   Level
 Static Discharge         Conj/Air       0%         N/A       88%         2
 Lightning Bolt           Conj/Air       0%         1d11      100%        5
 Maxwell's Capacitive Co  Air            0%         ∞         100%        8


Dungeon Overview and Level Annotations

Branches:
Dungeon (3/15)

Altars:

Annotations:
D:3 Robin


Message History

* * * LOW HITPOINT WARNING * * *
You barely miss Robin.
Robin is severely wounded.
Robin hits you but does no damage.
You are cast into the Abyss!
To return, you must find a gate leading back.
Killing monsters will force the Abyss to allow you passage.
This branch contains the abyssal rune of Zot.
Found a robe.
Found a polished hunting sling.
Found a glowing spear.
You see here the +6 hunting sling "Pezut" {flame, *Slow rC+ Will+}.
r - the +6 hunting sling "Pezut" {flame, *Slow rC+ Will+}
Found 2 golden potions.
You see here a +2 spear of distortion.
n - 3 golden potions (gained 2)
Found 18 stones.
Found a gateway leading deeper into the Abyss.
A wretched star comes into view.
A guardian serpent comes into view.
The guardian serpent shouts!
You hear a shout!
The guardian serpent casts a spell at you.
The bolt of poison hits you!!
You are poisoned.
Ouch! That really hurt!
* * * LOW HITPOINT WARNING * * *
A dread lich comes into view.
There is a gateway leading deeper into the Abyss here.
You can't go up here!
Unknown command.
* * * LOW HITPOINT WARNING * * *
You feel very sick.
You plunge deeper into the Abyss.
* * * LOW HITPOINT WARNING * * *
You feel sick.
Found 27 gold pieces.
Found a gateway leading deeper into the Abyss.
Okay, then.
It was a potion of haste.
You feel yourself speed up.
You die...

.#.# .
..... #
.#..#.
..#.. ##
..># #.
$.. .#
#.#.#..#
#.@..#
#.....#..#
....##.
..# ... .#
.... . ..
..#.# .##
..##.. ##
... .#.
... #


There were no monsters in sight!

Vanquished Creatures
  3 adders (D:2)
  A worm (D:2)
  4 dart slugs
  An orc (D:3)
  2 ball pythons (D:1)
  8 bats
  5 endoplasms
  A giant cockroach (D:2)
  13 goblins
  6 hobgoblins
  7 jackals
  A quokka (D:2)
  6 frilled lizards
  5 kobolds
  4 rats
67 creatures vanquished.

Notes
Turn   | Place    | Note
-------+----------+-------------------------------------------
     0 | D:1      | Crownlay the Hill Orc Fighter began the quest for the Orb.
     0 | D:1      | Reached XP level 1. HP: 19/19 MP: 1/1
    78 | D:1      | Reached skill level 3 in Axes
   173 | D:1      | Reached XP level 2. HP: 24/26 MP: 2/2
   271 | D:1      | Reached skill level 4 in Axes
   649 | D:1      | Reached XP level 3. HP: 27/31 MP: 3/3
  1173 | D:2      | Reached skill level 5 in Axes
  1336 | D:2      | Reached XP level 4. HP: 39/39 MP: 4/4
  1567 | D:2      | Reached skill level 6 in Axes
  1897 | D:3      | Noticed Robin
  1920 | D:3      | Cast into level 1 of the Abyss (Robin)
  1946 | Abyss:1  | Identified the +6 hunting sling "Pezut" {flame, *Slow rC+
                  | Will+}
  1974 | Abyss:1  | Noticed a wretched star
  1976 | Abyss:1  | Noticed a guardian serpent
  1979 | Abyss:1  | Noticed a dread lich
  1981 | Abyss:2  | HP: 1/39 [poisoned by a guardian serpent (bolt of poison)]
  1982 | Abyss:2  | Succumbed to a guardian serpent's bolt of poison

Illustrated notes

Levels and vault maps discovered:
D:1:      matt_arrival_spirals, layout_basic, bh_walls_and_bars
D:2:      layout_rooms, minmay_pentomino_r2
D:3:      layout_rooms, uniq_robin
Abyss:2:  base: Temple, base:
D:2

Skill      XL: |  1  2  3  4 |
---------------+-------------+-----
Axes           | 3 4 5 6 |  6.6
Fighting       | |  3.6
Armour         | |  3.2
Shields        | |  3.2

Action                   |  1- 3 |  4- 6 || total
-------------------------+-------+-------++-------
Melee: War axe           |   131 |    56 ||   187
  Use: Potion            |       |     1 ||     1
Armor: Scale mail        |    77 |    39 ||   116
Dodge: Dodged            |    68 |    31 ||    99
Block: Kite shield       |     7 |       ||     7
